 Dungeon Crawl Stone Soup version 0.31-a0-187-gba352fbbf7 (webtiles) character file.

Game seed: 15234121730899100148

695 qw the Skirmisher (level 7, -2/40 HPs)
             Began as a Deep Elf Hunter on June 22, 2023.
             Succumbed to a scorpion's poison
             ... on level 5 of the Dungeon.
             The game lasted 00:01:24 (2807 turns).

qw the Skirmisher (Deep Elf Hunter)                 Turns: 2807, Time: 00:01:24

Health: -2/40      AC:  5    Str: 10    XL:     7   Next: 37%
Magic:  9/9        EV: 11    Int: 14    God:
Gold:   178        SH:  0    Dex: 18    Spells: 6/6 levels left

rFire   . . .        Y - +0 arbalest
rCold   . . .        (shield currently unavailable)
rNeg    . . .        b - +0 ring mail
rPois   .            (no helmet)
rElec   .            (no cloak)
rCorr   .            (no gloves)
SInv    .            (no boots)
Will    .....        (no amulet)
Stlth   +            (no ring)
HPRegen 0.26/turn    (no ring)
MPRegen 0.11/turn

%: no passive effects
@: lethally poisoned (-2 -> -14)
A: no striking features
a: no special abilities


You were on level 5 of the Dungeon.
You visited 1 branch of the dungeon, and saw 5 of its levels.

You collected 307 gold pieces.
You spent 129 gold pieces at shops.


   Skills:
 - Level 2.6 Fighting
 + Level 11.1 Ranged Weapons
 - Level 3.1 Dodging
 - Level 1.2 Stealth


You had 6 spell levels left.
You didn't know any spells.
Your spell library was empty.

Inventory:

Hand Weapons
 Y - a +0 arbalest (weapon)
Armour
 b - a +0 ring mail (worn)
Jewellery
 f - a ring of protection from fire
Scrolls
 h - a scroll of identify
Potions
 a - a potion of ambrosia {unknown}
 c - a potion of mutation {unknown}
 d - a potion of might
 g - 2 potions of curing
 j - a potion of resistance {unknown}
 k - a potion of enlightenment {unknown}
 l - a potion of cancellation {unknown}

Dungeon Overview and Level Annotations

Branches:
Dungeon (5/15)
 Temple: D:4-7

Altars:
Xom

Shops:
D:2 *   D:4 (

Annotations:
D:4 2 transporters, qw's ghost, amateur GrFi


Message History

You shoot a bolt. The bolt hits the white imp!
The white imp is almost dead.
You feel very sick. The scorpion stings you.
You are more poisoned.
The scorpion poisons you! The white imp gestures at you.
The puff of frost misses you. The white imp misses you.
You shoot a bolt. The bolt closely misses the white imp.
You feel very sick. The scorpion closely misses you.
The white imp shouts, "Get thee gone, thou foisting fool-born apple-john!"
The white imp hits you but does no damage.
The scorpion closely misses you.
You shoot a bolt.
The bolt hits the white imp but does no damage.
The white imp is almost dead.
You feel very sick. The white imp closely misses you. The scorpion stings you.
The white imp closely misses you. The scorpion misses you.
You shoot a bolt. The bolt hits the white imp.
You kill the white imp!
You feel very sick.
2805 ||| READING scroll of teleportation.
As you read the scroll of teleportation, it crumbles to dust.
You feel strangely unstable.
You feel sick.
The scorpion stings you but does no damage.
The scorpion closely misses you. The scorpion stings you.
You are lethally poisoned!
The scorpion poisons you!
You shoot a bolt. The bolt hits the scorpion!!
You kill the scorpion!
You feel very sick. The scorpion barely misses you.
Your Ranged Weapons skill increases to level 11!
You shoot a bolt. The bolt hits the scorpion.
The scorpion is moderately wounded.
Your surroundings suddenly seem different.
You die...

.....|... ..###.............#.#
....... .#....#....##.......#..
......s##.......##.##.#........
......%...##....#.....##....#..
.................>.....#.#.###.
###...........#...#........####..
..............#...............#..
........).....##..######..#.....#
................@..##..#.[#.....#
#............)...........##......
#................#.......##......
#..............###.#.............
#....<..##....###..##............
##......#..##......##..#....###..
#..####....#.........##.........
#...# ##...#....................
#..## ##.##.......##..##....)..


There were no monsters in sight!

Vanquished Creatures
  An ogre (D:5)
  A phantom (D:5)
  2 scorpions (D:5)
  An orc priest (D:4)
  A hound (D:5)
  A jelly (D:4)
  2 sleepcaps
  2 iguanas (D:5)
  An orc wizard (D:5)
  7 adders
  2 white imps (D:5)
  An ufetubus (D:5)
  A worm (D:3)
  A dart slug (D:4)
  13 orcs
  10 ball pythons
  4 bats
  5 endoplasms
  4 giant cockroaches
  10 hobgoblins
  4 jackals (D:1)
  2 quokkas
  3 training dummies (D:4)
  4 frilled lizards
  6 goblins
  9 kobolds
  5 rats
103 creatures vanquished.

Notes
Turn   | Place    | Note
-------+----------+-------------------------------------------
     0 | D:1      | qw the Deep Elf Hunter began the quest for the Orb.
     0 | D:1      | Reached XP level 1. HP: 12/12 MP: 3/3
     0 | D:1      | 0 ||| qw: Version: 0.3-a-9-g12657ce
     0 | D:1      | 0 ||| qw: Game counter: 2497
     0 | D:1      | 0 ||| qw: Always use a shield: true
     0 | D:1      | 0 ||| qw: God list: Okawaru
     0 | D:1      | 0 ||| qw: Allow faded altars: false
     0 | D:1      | 0 ||| qw: Do Orc after D:15 true
     0 | D:1      | 0 ||| qw: Do second Lair branch before Depths: true
     0 | D:1      | 0 ||| qw: Lair rune preference: random
     0 | D:1      | 0 ||| qw: Plans: Normal
     0 | D:1      | 0 ||| PLANNING D:1-11
   123 | D:1      | Reached skill level 6 in Ranged Weapons
   123 | D:1      | Reached XP level 2. HP: 16/16 MP: 4/4
   297 | D:1      | Reached XP level 3. HP: 17/20 MP: 5/5
   521 | D:1      | 521 ||| READING 2 scrolls labelled ISEUFE SORO.
   522 | D:1      | 522 ||| READING scroll labelled PAZYLYK AFIAGG.
   523 | D:1      | 523 ||| READING scroll labelled IGOMIJY IMUBB.
   527 | D:1      | 527 ||| READING scroll labelled NUEDOAT VOREC.
   528 | D:1      | 528 ||| READING 2 scrolls labelled ETHAYPH NUPAR.
   529 | D:1      | 529 ||| DROPPING scroll of summoning.
   530 | D:1      | 530 ||| DROPPING scroll of butterflies.
   582 | D:2      | Found Cibboint's General Store.
   591 | D:2      | 591 ||| BUYING +0 ring mail (40 gold).
   591 | D:2      | Bought a +0 ring mail for 40 gold pieces
   591 | D:2      | 591 ||| SHOPLISTING potion of heal wounds (50 gold, have
                  | 40).
   591 | D:2      | 591 ||| BUYING potion of might (40 gold).
   591 | D:2      | Bought a potion of might for 40 gold pieces
   591 | D:2      | 591 ||| SHOPLISTING scroll of enchant armour (75 gold, have
                  | 0).
   608 | D:2      | Found a shimmering altar of Xom.
   692 | D:2      | Reached skill level 7 in Ranged Weapons
   932 | D:2      | Reached XP level 4. HP: 25/25 MP: 6/6
  1037 | D:2      | 1037 ||| UPGRADING to +0 ring mail.
  1047 | D:2      | 1047 ||| DROPPING +0 leather armour.
  1048 | D:2      | 1048 ||| DROPPING amulet of magic regeneration.
  1049 | D:2      | 1049 ||| DRINKING 2 fizzy pink potions.
  1489 | D:3      | Reached skill level 8 in Ranged Weapons
  1716 | D:3      | Reached XP level 5. HP: 29/29 MP: 7/7
  1731 | D:3      | 1731 ||| DROPPING +3 leather armour.
  1732 | D:3      | 1732 ||| READING scroll labelled HIRCHU VUOCW.
  1733 | D:3      | 1733 ||| READING scroll labelled ULACVAULLOU.
  1734 | D:3      | 1734 ||| READING scroll labelled TUIBLE HUGEL.
  1735 | D:3      | 1735 ||| READING 3 scrolls of identify.
  1735 | D:3      | 1735 ||| IDENTIFYING fuming golden potion
  1736 | D:3      | 1736 ||| READING 2 scrolls of identify.
  1736 | D:3      | 1736 ||| IDENTIFYING red potion
  1737 | D:3      | 1737 ||| DROPPING potion of degeneration.
  2041 | D:4      | Noticed qw's ghost (amateur GrFi)
  2042 | D:4      | Found a transporter.
  2042 | D:4      | Noticed an orc warrior
  2093 | D:4      | Reached skill level 9 in Ranged Weapons
  2284 | D:4      | Found Cetuil's Firing Range.
  2296 | D:4      | 2296 ||| BUYING +0 arbalest (49 gold).
  2296 | D:4      | Bought a +0 arbalest for 49 gold pieces
  2296 | D:4      | 2296 ||| SWAPPING to +0 arbalest.
  2297 | D:4      | 2297 ||| DROPPING +0 shortbow.
  2324 | D:4      | Found a transporter.
  2339 | D:4      | 2339 ||| READING scroll labelled ZIFUIR EBLOL.
  2340 | D:4      | 2340 ||| READING scroll labelled LIAC VATZETT.
  2341 | D:4      | 2341 ||| READING scroll labelled DUANUR CINUFFA.
  2342 | D:4      | 2342 ||| READING 2 scrolls of identify.
  2342 | D:4      | 2342 ||| IDENTIFYING fuming grey potion
  2343 | D:4      | 2343 ||| DROPPING potion of invisibility.
  2364 | D:5      | Entered Level 5 of the Dungeon
  2364 | D:5      | Noticed a phantom
  2367 | D:5      | Killed a phantom
  2368 | D:5      | Reached XP level 6. HP: 36/36 MP: 8/8
  2387 | D:5      | HP: 9/36 [iguana (9)]
  2388 | D:5      | 2388 ||| READING 2 scrolls of teleportation.
  2389 | D:5      | 2389 ||| DRINKING potion of heal wounds.
  2419 | D:5      | Reached skill level 10 in Ranged Weapons
  2471 | D:5      | Reached skill level 3 in Dodging
  2565 | D:5      | Reached XP level 7. HP: 40/40 MP: 9/9
  2804 | D:5      | HP: 9/40 [poisoned by a scorpion]
  2805 | D:5      | 2805 ||| READING scroll of teleportation.
  2806 | D:5      | HP: 2/40 [poisoned by a scorpion]
  2807 | D:5      | Reached skill level 11 in Ranged Weapons
  2807 | D:5      | Succumbed to a scorpion's poison

Levels and vault maps discovered:
D:1:      shiori_arrival_elements, layout_rooms, minmay_tiny_reverse_x
D:2:      layout_rooms, basic_altar, serial_shops, shop
D:3:      layout_basic, minmay_quantized
D:4:      layout_rooms, gammafunk_ghost_arena, eino_tiny_chamber,
          nicolae_shop_firing_range
D:5:      layout_cave_pools, hex_tiny

Skill      XL: |  1  2  3  4  5  6  7 |
---------------+----------------------+-----
Ranged Weapons | 6 7 8 9 10 11 | 11.1
Fighting       | 2 |  2.6
Dodging        | 3 |  3.1
Stealth        | |  1.2

Action                     |  1- 3 |  4- 6 |  7- 9 || total
---------------------------+-------+-------+-------++-------
   Fire: Shortbow          |   126 |   125 |       ||   251
         Arbalest          |       |    44 |    21 ||    65
    Use: Scroll            |     5 |    10 |     1 ||    16
         Potion            |       |     2 |       ||     2
 Armour: Leather armour    |    12 |       |       ||    12
         Ring mail         |       |    30 |     3 ||    33
  Dodge: Dodged            |    36 |    69 |    11 ||   116

Table legend:
 A = Non-vault XP
 B = Vault XP
 C = Vault XP percentage of total XP
 D = Non-vault monster count
 E = Vault monster count
 F = Vault count percentage of total count
                 A         B        C        D         E       F
            +---------+---------+-------+---------+---------+-------
      Total |     969 |      24 |   2.4 |      90 |      13 |  12.6
            +---------+---------+-------+---------+---------+-------
        D:1 |      43 |       3 |   6.5 |      27 |       2 |   6.9
        D:2 |      57 |       0 |   0.0 |      18 |       0 |   0.0
        D:3 |      82 |      15 |  15.5 |      12 |       8 |  40.0
        D:4 |     121 |       6 |   4.7 |      11 |       3 |  21.4
        D:5 |     666 |       0 |   0.0 |      22 |       0 |   0.0
            +---------+---------+-------+---------+---------+-------
